 Dungeon Crawl Stone Soup version 0.22-a0-271-gc000056 (webtiles) character file.

2699 tidbits the Martial Artist (level 9, 68/68 HPs)
             Began as a Gnoll Transmuter on Mar 11, 2018.
             Quit the game on level 6 of the Dungeon.
             The game lasted 00:17:07 (1672 turns).

tidbits the Martial Artist (Gnoll Transmuter)       Turns: 1672, Time: 00:17:08

Health: 68/68      AC:  6    Str: 12    XL:     9   Next: 65%
Magic:  19/19      EV: 16    Int: 19    God:
Gold:   229        SH:  0    Dex: 16    Spells: 15/21 levels left

rFire    . . .     SeeInvis .   a - +1 dagger (pain)
rCold    . . .     Gourm    .   (no shield)
rNeg     . . .     Faith    .   B - +0 robe
rPois    .         Spirit   .   (no helmet)
rElec    .         Reflect  .   C - +1 cloak
rCorr    .         Harm     .   (no gloves)
MR       .....                  F - +1 pair of boots
Stlth    +++.......             (no amulet)
HPRegen  0.21/turn              (no ring)
MPRegen  0.16/turn              (no ring)

@: no status effects
A: distributed training, fangs 1, strong nose
a: no special abilities


You were on level 6 of the Dungeon.
You were not hungry.

You visited 1 branch of the dungeon, and saw 8 of its levels.

You collected 229 gold pieces.

Inventory:

Hand Weapons
 a - a +1 dagger of pain (weapon)
   (You found it on level 5 of the Dungeon)
 b - the +9 quarterstaff "Tenoc" {freeze, *Rage rPois rF+ Dex+2}
   (You found it on level 8 of the Dungeon)

   It has been specially enchanted to freeze those struck by it, causing extra
   injury to most foes and up to half again as much damage against particularly
   susceptible opponents.
   It can also slow down cold-blooded creatures.
   It affects your dexterity (+2).
   It protects you from fire.
   It protects you from poison.
   It may make you go berserk in combat.
 l - a +0 dagger
 s - a +2 whip of venom
   (You took it off an orc on level 6 of the Dungeon)
 t - a +0 shortbow
Missiles
 d - 8 stones
 m - 2 javelins (quivered)
 o - 73 arrows
Armour
 q - a +2 scale mail of cold resistance
   (You took it off an orc on level 6 of the Dungeon)
 B - a +0 robe (worn)
 C - a +1 cloak (worn)
 F - a +1 pair of boots (worn)
Jewellery
 u - an uncursed ring of fire
   (You found it on level 7 of the Dungeon)
Wands
 e - a wand of polymorph (12)
 g - a wand of clouds (2)
Scrolls
 f - 2 scrolls of teleportation
 i - 3 scrolls of identify
 k - a scroll of fear
 p - 2 scrolls of blinking
 r - 5 scrolls of remove curse
Potions
 h - a potion of degeneration
 j - 2 potions of haste
 n - a potion of lignification {unknown}
 w - a potion of heal wounds
Comestibles
 c - 7 rations


   Skills:
 + Level 5.1 Fighting
 + Level 4.3 Short Blades
 + Level 4.3 Long Blades
 + Level 4.3 Axes
 + Level 4.3 Maces & Flails
 + Level 4.3 Polearms
 + Level 4.3 Staves
 + Level 4.3 Slings
 + Level 4.3 Bows
 + Level 4.3 Crossbows
 + Level 4.3 Throwing
 + Level 4.3 Armour
 + Level 6.4 Dodging
 + Level 4.3 Stealth
 + Level 4.3 Shields
 + Level 8.0 Unarmed Combat
 + Level 6.7 Spellcasting
 + Level 3.6 Conjurations
 + Level 3.6 Hexes
 + Level 3.6 Charms
 + Level 3.6 Summonings
 + Level 3.6 Necromancy
 + Level 3.6 Translocations
 + Level 5.3 Transmutations
 + Level 3.6 Fire Magic
 + Level 3.6 Ice Magic
 + Level 3.6 Air Magic
 + Level 3.6 Earth Magic
 + Level 3.6 Poison Magic
 + Level 4.8 Invocations
 + Level 4.3 Evocations


You had 15 spell levels left.
You knew the following spells:

 Your Spells              Type           Power        Failure   Level  Hunger
e - Beastly Appendage     Tmut           ####..       1%          1    None
k - Sticks to Snakes      Tmut           ####....     1%          2    None
p - Spider Form           Tmut/Pois      ###.......   4%          3    ##.....


Dungeon Overview and Level Annotations

Branches:
Dungeon (8/15)
 Temple: D:4-7         Lair: D:8-11

Altars:
Dithmenos
Elyvilon

Shops:
D:5 =

Annotations:
D:6 Dowan, Duvessa


Innate Abilities, Weirdness & Mutations

Your experience applies equally to all skills.
You have very sharp teeth.
Your uncanny sense of smell can sniff out nearby items.


Message History

You create a snake!
You now have 73 arrows.
Casting: Sticks to Snakes (safe; 1% risk of failure)
Confirm with . or Enter, or press ? or * to list all spells.
You grow a pair of large bovine horns.
The orc priest begins to cast a cantrip, but forgets the words!
You closely miss the orc priest. Your bite misses the orc priest.
The orc priest mumbles some strange prayers to Beogh against you.
You struggle to resist.
Your ball python misses the orc priest.
Your ball python grabs the orc priest.
Your ball python constricts the orc priest.
You sock the orc priest! You freeze the orc priest.
The orc priest is severely wounded.
The orc priest hits you with a hand axe.
The orc priest barely misses your ball python.
Your ball python bites the orc priest but does no damage.
Your ball python constricts the orc priest.
You hit the orc priest. You freeze the orc priest.
You kill the orc priest!
The orc wizard gestures at you while chanting.
You easily resist.
You hit the orc wizard. You freeze the orc wizard.
The orc wizard is lightly wounded.
The orc hits you but does no damage.
Your ball python closely misses the orc wizard.
Your ball python grabs the orc wizard.
Your ball python constricts the orc wizard.
The orc wizard completely misses you.
You closely miss the orc. You headbutt the orc.
The orc is heavily wounded.
Your ball python bites the orc wizard.
Your ball python constricts the orc wizard.
The orc completely misses you. The orc wizard barely misses you.
Your ball python barely misses the orc wizard.
Your ball python constricts the orc wizard.
You hit the orc wizard but do no damage.
The orc wizard is moderately wounded.
The orc misses you. The orc wizard completely misses you.
Your ball python bites the orc wizard.
Your ball python constricts the orc wizard.
You hit the orc wizard but do no damage.
You headbutt the orc wizard, but do no damage.
The orc wizard is heavily wounded.
The orc wizard misses you. The orc closely misses you.
Your ball python bites the orc wizard.
Your ball python constricts the orc wizard.
You sock the orc wizard! You freeze the orc wizard.
You kill the orc wizard!
Your Unarmed Combat skill increases to level 8!
The orc closely misses you.
You sock the orc! You freeze the orc.
You kill the orc!
Your ball python withers and dies!
Things that are here:
a dagger of flaming; a robe; an orc corpse
Items here: )) [ † a club; a hand axe; a scale mail; an orc corpse An orc comes into view.
There is a large open door here.
There is a large open door here.
Unknown command.
The orc shouts!
Found a scale mail.
You are feeling hungry.
You sock the orc! You freeze the orc.
You kill the orc!
You barely miss the orc. You bite the orc.
The orc is lightly wounded.
The orc hits you but does no damage.
You thump the orc! You freeze the orc.
You kill the orc!
Things that are here:
a hand axe; a leather armour; an orc corpse You butcher the orc corpse.
Things that are here:
a hand axe; a leather armour; 3 chunks of flesh Eat one of 4 chunks of flesh? (ye/n/q)
You eat one of the 4 chunks of flesh.
This raw flesh tastes terrible.
Your transformation is almost over.
You open the door.
Your horns disappear.
There is an open door here.
Found a ration.
All of the chunks of flesh in your inventory have rotted away.
You see here a ration.
c - 7 rations (gained 1)
Okay, then.
Unknown command.
Found a stone staircase leading down.
A worker ant comes into view.
There is a stone staircase leading down here.
You climb downwards.
Dowan, Brother of Duvessa comes into view.
He is wielding a dagger.
There is a stone staircase leading up here.
Unknown command.
The +9 quarterstaff "Tenoc" {freeze, *Rage rPois rF+ Dex+2} stops glowing.
Pain shudders through your arm!
a - a +1 dagger of pain (weapon)
3 wights and Duvessa come into view.
A wight is wielding a battleaxe of freezing.
Are you sure you want to abandon this character and quit the game? (Confirm with "yes".)

... #.#
#.# #.#
#.# #.#
####.#
#...<#
###@.#
#.zz....#
##z#.#..#
#....#
###.##
e.. #.#
#e#


You could see Duvessa (sleeping), Dowan (sleeping) and 3 wights.

Vanquished Creatures
  A two-headed ogre (D:6)
  2 ice beasts
  3 black bears
  2 ogres
  2 centaurs
  6 bullfrogs
  A scorpion (D:4)
  2 howler monkeys
  A crimson imp (D:5)
  A bullfrog zombie (D:7)
  A jelly (D:7)
  Crazy Yiuf (D:5)
  4 hounds
  3 orc priests
  4 orc wizards
  A gnoll shaman (D:6)
  An iguana (D:7)
  A killer bee zombie (D:8)
  A hound skeleton (D:5)
  4 gnolls (D:6)
  2 adders (D:7)
  An adder skeleton (D:7)
  20 orcs
  4 giant cockroaches
  2 goblins (D:1)
  A hobgoblin (D:1)
  6 jackals
  A quokka (D:5)
  2 ball pythons
  2 bats (D:2)
  4 frilled lizards
  A giant cockroach zombie (D:6)
  5 kobolds (D:1)
  2 rats
  A fungus (D:5)
96 creatures vanquished.

Vanquished Creatures (collateral kills)
  Menkaure (D:5)
  An ogre (D:8)
  An orc (D:7)
  A quokka (D:4)
4 creatures vanquished.

Grand Total: 100 creatures vanquished

Notes
Turn   | Place    | Note
-------+----------+-------------------------------------------
     0 | D:1      | tidbits the Gnoll Transmuter began the quest for the Orb.
     0 | D:1      | Reached XP level 1. HP: 17/17 MP: 6/6
    52 | D:1      | Reached XP level 2. HP: 23/23 MP: 7/7
    56 | D:1      | Learned a level 2 spell: Sticks to Snakes
   370 | D:4      | Noticed a scorpion
   377 | D:4      | Killed a scorpion
   377 | D:4      | Reached skill level 1 in Short Blades
   377 | D:4      | Reached skill level 1 in Long Blades
   377 | D:4      | Reached skill level 1 in Axes
   377 | D:4      | Reached skill level 1 in Maces & Flails
   377 | D:4      | Reached skill level 1 in Polearms
   377 | D:4      | Reached skill level 1 in Staves
   377 | D:4      | Reached skill level 1 in Slings
   377 | D:4      | Reached skill level 1 in Bows
   377 | D:4      | Reached skill level 1 in Crossbows
   377 | D:4      | Reached skill level 1 in Throwing
   377 | D:4      | Reached skill level 1 in Armour
   377 | D:4      | Reached skill level 1 in Stealth
   377 | D:4      | Reached skill level 1 in Shields
   377 | D:4      | Reached skill level 5 in Spellcasting
   377 | D:4      | Reached skill level 1 in Invocations
   377 | D:4      | Reached skill level 1 in Evocations
   377 | D:4      | Reached XP level 3. HP: 20/28 MP: 2/9
   377 | D:4      | Reached XP level 4. HP: 25/34 MP: 2/11
   382 | D:4      | Learned a level 3 spell: Spider Form
   396 | D:5      | Entered Level 5 of the Dungeon
   398 | D:5      | Found Besezaref's Jewellery Shoppe.
   426 | D:3      | Found a shadowy altar of Dithmenos.
   525 | D:5      | Noticed Menkaure
   536 | D:5      | Killed Menkaure
   536 | D:5      | Reached skill level 3 in Fighting
   536 | D:5      | Reached skill level 1 in Conjurations
   536 | D:5      | Reached skill level 1 in Hexes
   536 | D:5      | Reached skill level 1 in Charms
   536 | D:5      | Reached skill level 1 in Summonings
   536 | D:5      | Reached skill level 1 in Necromancy
   536 | D:5      | Reached skill level 1 in Translocations
   536 | D:5      | Reached skill level 4 in Transmutations
   536 | D:5      | Reached skill level 1 in Fire Magic
   536 | D:5      | Reached skill level 1 in Ice Magic
   536 | D:5      | Reached skill level 1 in Air Magic
   536 | D:5      | Reached skill level 1 in Earth Magic
   536 | D:5      | Reached skill level 1 in Poison Magic
   536 | D:5      | Reached XP level 5. HP: 23/41 MP: 4/12
   559 | D:5      | Noticed a centaur
   563 | D:5      | Reached XP level 6. HP: 21/47 MP: 4/13
   568 | D:5      | Reached skill level 5 in Dodging
   568 | D:5      | Reached skill level 2 in Invocations
   573 | D:5      | Reached skill level 2 in Short Blades
   573 | D:5      | Reached skill level 2 in Long Blades
   573 | D:5      | Reached skill level 2 in Axes
   573 | D:5      | Reached skill level 2 in Maces & Flails
   573 | D:5      | Reached skill level 2 in Polearms
   573 | D:5      | Reached skill level 2 in Staves
   573 | D:5      | Reached skill level 2 in Slings
   573 | D:5      | Reached skill level 2 in Bows
   573 | D:5      | Reached skill level 2 in Crossbows
   573 | D:5      | Reached skill level 2 in Throwing
   573 | D:5      | Reached skill level 2 in Armour
   573 | D:5      | Reached skill level 2 in Stealth
   573 | D:5      | Reached skill level 2 in Shields
   573 | D:5      | Reached skill level 2 in Evocations
   716 | D:7      | Reached XP level 7. HP: 28/52 MP: 12/15
   793 | D:7      | Reached skill level 7 in Unarmed Combat
   801 | D:7      | Reached skill level 2 in Conjurations
   801 | D:7      | Reached skill level 2 in Hexes
   801 | D:7      | Reached skill level 2 in Charms
   801 | D:7      | Reached skill level 2 in Summonings
   801 | D:7      | Reached skill level 2 in Necromancy
   801 | D:7      | Reached skill level 2 in Translocations
   801 | D:7      | Reached skill level 2 in Fire Magic
   801 | D:7      | Reached skill level 2 in Ice Magic
   801 | D:7      | Reached skill level 2 in Air Magic
   801 | D:7      | Reached skill level 2 in Earth Magic
   801 | D:7      | Reached skill level 2 in Poison Magic
   827 | D:7      | Reached skill level 3 in Invocations
   843 | D:7      | Reached XP level 8. HP: 9/60 MP: 8/16
   848 | D:7      | Reached skill level 4 in Fighting
   864 | D:7      | HP: 6/60 [poisoned by an adder]
   909 | D:8      | Got a crystal quarterstaff
   910 | D:8      | Identified the +9 quarterstaff "Tenoc" {freeze, *Rage rPois rF+ Dex+2} (You found it on level 8 of the Dungeon)
   940 | D:8      | Reached skill level 3 in Short Blades
   940 | D:8      | Reached skill level 3 in Long Blades
   940 | D:8      | Reached skill level 3 in Axes
   940 | D:8      | Reached skill level 3 in Maces & Flails
   940 | D:8      | Reached skill level 3 in Polearms
   940 | D:8      | Reached skill level 3 in Staves
   940 | D:8      | Reached skill level 3 in Slings
   940 | D:8      | Reached skill level 3 in Bows
   940 | D:8      | Reached skill level 3 in Crossbows
   940 | D:8      | Reached skill level 3 in Throwing
   940 | D:8      | Reached skill level 3 in Armour
   940 | D:8      | Reached skill level 3 in Stealth
   940 | D:8      | Reached skill level 3 in Shields
   940 | D:8      | Reached skill level 3 in Evocations
  1017 | D:8      | Reached skill level 6 in Spellcasting
  1165 | D:6      | Noticed a two-headed ogre
  1173 | D:6      | Reached skill level 4 in Invocations
  1223 | D:6      | Killed a two-headed ogre
  1223 | D:6      | Reached skill level 4 in Short Blades
  1223 | D:6      | Reached skill level 4 in Long Blades
  1223 | D:6      | Reached skill level 4 in Axes
  1223 | D:6      | Reached skill level 4 in Maces & Flails
  1223 | D:6      | Reached skill level 4 in Polearms
  1223 | D:6      | Reached skill level 4 in Staves
  1223 | D:6      | Reached skill level 4 in Slings
  1223 | D:6      | Reached skill level 4 in Bows
  1223 | D:6      | Reached skill level 4 in Crossbows
  1223 | D:6      | Reached skill level 4 in Throwing
  1223 | D:6      | Reached skill level 4 in Armour
  1223 | D:6      | Reached skill level 6 in Dodging
  1223 | D:6      | Reached skill level 4 in Stealth
  1223 | D:6      | Reached skill level 4 in Shields
  1223 | D:6      | Reached skill level 3 in Conjurations
  1223 | D:6      | Reached skill level 3 in Hexes
  1223 | D:6      | Reached skill level 3 in Charms
  1223 | D:6      | Reached skill level 3 in Summonings
  1223 | D:6      | Reached skill level 3 in Necromancy
  1223 | D:6      | Reached skill level 3 in Translocations
  1223 | D:6      | Reached skill level 5 in Transmutations
  1223 | D:6      | Reached skill level 3 in Fire Magic
  1223 | D:6      | Reached skill level 3 in Ice Magic
  1223 | D:6      | Reached skill level 3 in Air Magic
  1223 | D:6      | Reached skill level 3 in Earth Magic
  1223 | D:6      | Reached skill level 3 in Poison Magic
  1223 | D:6      | Reached skill level 4 in Evocations
  1223 | D:6      | Reached XP level 9. HP: 63/67 MP: 18/18
  1333 | D:6      | Reached skill level 5 in Fighting
  1428 | D:5      | Found a runed door.
  1438 | D:5      | Noticed Crazy Yiuf
  1443 | D:5      | Killed Crazy Yiuf
  1531 | D:5      | Found a white marble altar of Elyvilon.
  1576 | D:5      | Reached skill level 8 in Unarmed Combat
  1669 | D:6      | Noticed Dowan
  1671 | D:6      | Noticed Duvessa
  1672 | D:6      | Quit the game

Vault maps used:
D:1:      mushboom_english_gardens, minmay_box_of_dots
D:2:      solitary_fountain
D:3:      kennysheep_goblin_castle, nicolae_tso_swordbearing_angel,
          grunt_dithmenos_smoke
D:4:      temple_hall, kennysheep_generic_room_3
D:5:      first_ration, serial_shops, nicolae_shop_waterfront, elyvilon_altar_5,
          uniq_menkaure, uniq_ijyb, uniq_crazy_yiuf_cottage
D:6:      hangedman_decor_slide_cut, nemelex_dance_club_becter,
          uniq_blork_the_orc, uniq_duvessa
D:7:      grunt_livestock
D:8:      lair_entry_dummy, hangedman_abyss_or_decor_lesser_grid

Skill      XL: |  1  2  3  4  5  6  7  8  9 |
---------------+----------------------------+-----
Short Blades   | 1 2 4 |  4.3
Long Blades    | 1 2 4 |  4.3
Axes           | 1 2 4 |  4.3
Maces & Flails | 1 2 4 |  4.3
Polearms       | 1 2 4 |  4.3
Staves         | 1 2 4 |  4.3
Slings         | 1 2 4 |  4.3
Bows           | 1 2 4 |  4.3
Crossbows      | 1 2 4 |  4.3
Throwing       | 1 2 4 |  4.3
Armour         | 1 2 4 |  4.3
Stealth        | 1 2 4 |  4.3
Shields        | 1 2 4 |  4.3
Spellcasting   | 5 6 |  6.7
Invocations    | 1 2 3 4 |  4.8
Evocations     | 1 2 4 |  4.3
Fighting       | 3 4 5 |  5.1
Conjurations   | 1 2 3 |  3.6
Hexes          | 1 2 3 |  3.6
Charms         | 1 2 3 |  3.6
Summonings     | 1 2 3 |  3.6
Necromancy     | 1 2 3 |  3.6
Translocations | 1 2 3 |  3.6
Transmutations | 4 5 |  5.3
Fire Magic     | 1 2 3 |  3.6
Ice Magic      | 1 2 3 |  3.6
Air Magic      | 1 2 3 |  3.6
Earth Magic    | 1 2 3 |  3.6
Poison Magic   | 1 2 3 |  3.6
Dodging        | 5 6 |  6.4
Unarmed Combat | 7 8 |  8.0

Action                   |  1- 3 |  4- 6 |  7- 9 || total
-------------------------+-------+-------+-------++-------
Melee: Unarmed           |    54 |    37 |    90 ||   181
       Headbutt          |     7 |       |     6 ||    13
       Punch             |     1 |       |       ||     1
       Bite              |     5 |     1 |     6 ||    12
       Dagger            |       |       |    15 ||    15
       Quarterstaff      |       |       |    44 ||    44
Throw: Stone             |       |       |     8 ||     8
       Javelin           |       |       |     7 ||     7
 Cast: Beastly Appendage |     8 |       |     5 ||    13
       Sticks to Snakes  |     5 |     3 |     9 ||    17
       Spider Form       |       |     6 |     9 ||    15
 Abil: End Transformatio |       |       |     4 ||     4
Evoke: Wand              |       |       |    12 ||    12
  Use: Scroll            |     3 |     1 |     4 ||     8
       Potion            |       |     1 |     4 ||     5
 Stab: Sleeping          |     1 |     1 |     5 ||     7
       Distracted        |       |     1 |     1 ||     2
       Confused          |       |       |     1 ||     1
  Eat: Chunk             |       |       |     4 ||     4
Armor: Robe              |    10 |       |    14 ||    24
       Skin              |       |     2 |       ||     2
Dodge: Dodged            |    35 |    37 |   127 ||   199

Table legend:
 A = Spawn XP
 B = Non-spawn XP
 C = Spawn XP percentage of total XP
 D = Spawn monster count
 E = Non-spawn monster count
 F = Spawn count percentage of total count
 G = Total turns spent on level
                    A         B        C        D         E        F      G
               +---------+---------+-------+---------+---------+-------+---------
         Total |       0 |    3856 |   0.0 |       0 |      99 |   0.0 |  1672
               +---------+---------+-------+---------+---------+-------+---------
           D:1 |       0 |      27 |   0.0 |       0 |      16 |   0.0 |   246
           D:2 |       0 |       4 |   0.0 |       0 |       3 |   0.0 |    70
           D:3 |       0 |       1 |   0.0 |       0 |       1 |   0.0 |    43
           D:4 |       0 |      69 |   0.0 |       0 |       4 |   0.0 |   100
           D:5 |       0 |     863 |   0.0 |       0 |      20 |   0.0 |   436
           D:6 |       0 |    1491 |   0.0 |       0 |      25 |   0.0 |   343
           D:7 |       0 |     783 |   0.0 |       0 |      23 |   0.0 |   297
           D:8 |       0 |     618 |   0.0 |       0 |       7 |   0.0 |   137
               +---------+---------+-------+---------+---------+-------+---------

Table legend:
 A = Turns spent in this place as a percentage of turns spent in the entire game.
 B = Non-inter-level travel turns spent in this place as a percentage of non-inter-level travel turns spent in the entire game.
 C = Inter-level travel turns spent in this place as a percentage of turns spent in this place.
 D = Turns resting spent in this place as a percentage of non-inter-level travel turns spent in this place.
 E = Turns spent auto-exploring this place as a percentage of non-inter-level travel turns spent in this place.
 F = Non-inter-level travel turns spent in this place divided by the number of levels of this place that you've seen.
                   A       B       C       D       E      F
               +-------+-------+-------+-------+-------+----------------------
         Total | 100.0 | 100.0 |   1.5 |   0.0 |   0.0 | 205.9
       Dungeon | 100.0 | 100.0 |   1.5 |   0.0 |   0.0 | 205.9
               +-------+-------+-------+-------+-------+----------------------

Table legend:
 A = Kills in this place as a percentage of kills in entire the game.
 B = Kills by you in this place as a percentage of kills by you in the entire game.
 C = Kills by friends in this place as a percentage of kills by friends in the entire game.
 D = Other kills in this place as a percentage of other kills in the entire game.
 E = Experience gained in this place as a percentage of experience gained in the entire game.
 F = Experience gained in this place divided by the number of levels of this place that you have seen.
                   A       B       C       D       E      F
               +-------+-------+-------+-------+-------+----------------------
         Total | 100.0 | 100.0 | 100.0 | 100.0 | 100.0 | 482.0
       Dungeon | 100.0 | 100.0 | 100.0 | 100.0 | 100.0 | 482.0
               +-------+-------+-------+-------+-------+----------------------

Vault maps used:
D:1:      mushboom_english_gardens, minmay_box_of_dots
D:2:      solitary_fountain
D:3:      kennysheep_goblin_castle, nicolae_tso_swordbearing_angel,
          grunt_dithmenos_smoke
D:4:      temple_hall, kennysheep_generic_room_3
D:5:      first_ration, serial_shops, nicolae_shop_waterfront, elyvilon_altar_5,
          uniq_menkaure, uniq_ijyb, uniq_crazy_yiuf_cottage
D:6:      hangedman_decor_slide_cut, nemelex_dance_club_becter,
          uniq_blork_the_orc, uniq_duvessa
D:7:      grunt_livestock
D:8:      lair_entry_dummy, hangedman_abyss_or_decor_lesser_grid
